 Dungeon Crawl Stone Soup version 0.21-a0-444-g29a2fec (webtiles) character file.

68 esteth the Skirmisher (level 4, -4/38 HPs)
             Began as a Demonspawn Chaos Knight on Nov 17, 2017.
             Slain by Qupu's ghost (6 damage)
             ... while paralysed by Qupu's ghost
             ... on level 3 of the Dungeon.
             The game lasted 00:03:35 (1627 turns).

esteth the Skirmisher (Demonspawn Chaos Knight)     Turns: 1627, Time: 00:03:35

Health: -4/38      AC:  8    Str: 14      XL:     4   Next: 1%
Magic:  4/4        EV:  2    Int:  9 (13) God:    Xom [.*....]
Gold:   87         SH:  0    Dex: 12      Spells: 3/3 levels left

rFire    + . .     SeeInvis .   a - +0 hand axe (chaos)
rCold    . . .     Gourm    .   (no shield)
rNeg     . . .     Faith    .   b - +2 leather armour
rPois    .         Spirit   .   (helmet restricted)
rElec    .         Reflect  .   (no cloak)
rCorr    .         Harm     .   l - +0 pair of gloves
MR       +....                  (no boots)
Stlth    +.........             (no amulet)
HPRegen  0.12/turn              (no ring)
MPRegen  0.09/turn              (no ring)

@: paralysed, lethally poisoned (-4 -> -13), hasted
A: horns 1, slimy green scales 1, fire resistance 1, magic resistance 1, robust
1, wild magic 1, rot immunity
a: Renounce Religion


You were on level 3 of the Dungeon.
You worshipped Xom.
You were a plaything of Xom.
You were not hungry.

You visited 1 branch of the dungeon, and saw 3 of its levels.

You collected 87 gold pieces.

Inventory:

Hand Weapons
 a - a +0 hand axe of chaos (weapon)
Armour
 b - a +2 leather armour (worn)
 l - a +0 pair of gloves (worn)
Scrolls
 f - 2 scrolls of identify {unknown}
 g - a scroll of blinking {unknown}
 j - a scroll of teleportation {unknown}
 k - a scroll of enchant armour {unknown}
 m - a scroll of recharging {unknown}
 n - a scroll of random uselessness {unknown}
Potions
 e - 2 potions of ambrosia {unknown}
 i - a potion of heal wounds {unknown}
Comestibles
 h - a royal jelly


   Skills:
 + Level 3.5 Fighting
 + Level 3.2 Axes
 + Level 2.4 Armour
 + Level 1.8 Dodging


You had 3 spell levels left.
You didn't know any spells.

Dungeon Overview and Level Annotations

Branches:
Dungeon (3/15)

Altars:
Wu Jian

Annotations:
D:3 Qupu's ghost, amateur DsCK


Innate Abilities, Weirdness & Mutations

You have a pair of small horns on your head.
You are partially covered in slimy green scales. (AC +2)
You are immune to rotting.
Your flesh is heat resistant. (rF+)
You are resistant to hostile enchantments. (MR+)
You are robust. (+10% HP)
Your spells are a little harder to cast, but a little more powerful.


Message History

Qupu's ghost hits you.
You are electrocuted!
You closely miss Qupu's ghost.
Qupu's ghost is lightly damaged.
Qupu's ghost ripples.
Qupu's ghost hits you but does no damage.
You hit Qupu's ghost but do no damage.
Space warps horribly around Qupu's ghost!
Qupu's ghost is heavily damaged.
Qupu's ghost hits you.
* * * LOW HITPOINT WARNING * * *
You suddenly lose the ability to move!
Qupu's ghost hits you but does no damage.
You are lethally poisoned!
* * * LOW HITPOINT WARNING * * *
You feel sick. Qupu's ghost hits you.
* * * LOW HITPOINT WARNING * * *
* * * LOW HITPOINT WARNING * * *
You feel sick. Qupu's ghost hits you.
You die...
Xom giggles madly!

.. #. #. ..
#. #. #.###
#...# #.#@#
#....W....#
##.#......#
#...##.####
..... #.#
###... #.#
##.# #.#
#.#


You could see Qupu's ghost.

Vanquished Creatures
  2 adders (D:2)
  An ooze (D:2)
  2 leopard geckos
  An orc (D:2)
  2 giant cockroaches
  6 goblins
  7 hobgoblins
  4 jackals (D:1)
  5 kobolds
  4 bats
  A frilled lizard (D:2)
  3 rats
38 creatures vanquished.

Notes
Turn   | Place    | Note
-------+----------+-------------------------------------------
     0 | D:1      | esteth the Demonspawn Chaos Knight began the quest for the Orb.
     0 | D:1      | Reached XP level 1. HP: 18/18 MP: 1/1
    76 | D:1      | XOM: potion effect (invisibility)
    78 | D:1      | Reached skill level 1 in Dodging
    87 | D:1      | Gained mutation: You are partially covered in slimy green scales. (AC +2) [demonic ancestry]
    87 | D:1      | Reached XP level 2. HP: 23/24 MP: 2/2
   285 | D:1      | XOM: divination: detect creatures
   657 | D:2      | Gained mutation: You are immune to rotting. [demonic ancestry]
   657 | D:2      | Reached XP level 3. HP: 26/29 MP: 3/3
   725 | D:2      | XOM: divination: detect creatures
   898 | D:2      | Found an ornate altar of the Wu Jian Council.
   959 | D:2      | XOM: harmless Tloc miscast
   985 | D:2      | XOM: polymorph adder -> orc
  1092 | D:2      | Gained mutation: You have a pair of small horns on your head. [demonic ancestry]
  1092 | D:2      | Reached XP level 4. HP: 35/35 MP: 4/4
  1096 | D:2      | XOM: give mutations
  1096 | D:2      | Gained mutation: You are resistant to hostile enchantments. (MR+) [Xom's grace]
  1096 | D:2      | Gained mutation: You are robust. (+10% HP) [Xom's grace]
  1096 | D:2      | Gained mutation: Your flesh is heat resistant. (rF+) [Xom's grace]
  1096 | D:2      | Gained mutation: Your spells are a little harder to cast, but a little more powerful. [Xom's grace]
  1107 | D:2      | XOM: summons 2 hostile demons
  1217 | D:3      | Noticed Qupu's ghost (amateur DsCK)
  1222 | D:3      | XOM: severe Necr miscast
  1319 | D:2      | XOM: summons 1 hostile demon
  1625 | D:3      | Paralysed by Qupu's ghost for 7 turns
  1627 | D:3      | Slain by Qupu's ghost

Vault maps used:
D:1:      erik_arrival_triangle_small, minmay_fountain_box,
          serial_bayou_lagoon_b
D:2:      lemuel_round_altar
D:3:      marbit_many_paths, first_bread, cheibriados_altar_1, uniq_sigmund,
          uniq_grinder

Skill      XL: |  1  2 |
---------------+-------+-----
Dodging        | 1 |  1.8
Armour         | 2 |  2.4
Axes           | 3 |  3.2
Fighting       | |  3.5

Action                   |  1- 3 |  4- 6 || total
-------------------------+-------+-------++-------
Melee: Hand axe          |    99 |    21 ||   120
       Headbutt          |       |     1 ||     1
 Stab: Invisible         |     4 |       ||     4
       Petrified         |     3 |       ||     3
  Eat: Chunk             |     1 |       ||     1
       Bread ration      |       |     1 ||     1
Armor: Leather armour    |    43 |    14 ||    57
Dodge: Dodged            |    62 |    25 ||    87

Table legend:
 A = Spawn XP
 B = Non-spawn XP
 C = Spawn XP percentage of total XP
 D = Spawn monster count
 E = Non-spawn monster count
 F = Spawn count percentage of total count
 G = Total turns spent on level
                    A         B        C        D         E        F      G
               +---------+---------+-------+---------+---------+-------+---------
         Total |       0 |      98 |   0.0 |       0 |      38 |   0.0 |  1627
               +---------+---------+-------+---------+---------+-------+---------
           D:1 |       0 |      26 |   0.0 |       0 |      15 |   0.0 |   650
           D:2 |       0 |      72 |   0.0 |       0 |      23 |   0.0 |   959
               +---------+---------+-------+---------+---------+-------+---------
